 Dungeon Sprint DCSS version 0.18-a0-1784-ga939a68 (webtiles) character file.

34403 Kidiri the Unseen (level 13, -4/60 HPs)
             Began as a Spriggan Enchanter on Apr 18, 2016.
             Was the Champion of Dithmenos.
             Slain by a freezing wraith (22 damage)
             ... summoned by Murray
             ... in the Dungeon (Sprint II: "The Violet Keep of Menkaure").
             The game lasted 00:19:43 (3322 turns).

Kidiri the Unseen (Spriggan Enchanter)              Turns: 3322, Time: 00:19:45

Health: -4/60      AC:  6    Str: 14    XL:     13   Next: 42%
Magic:  20/31      EV: 34    Int: 17    God:    Dithmenos [******]
Gold:   2520       SH:  0    Dex: 17    Spells: 8 memorised, 14 levels left

rFire  + . .     SeeInvis +     k - +0 dagger (venom)
rCold  . . .     Gourm    .     b - +2 robe
rNeg   . . .     Faith    .     (shield restricted)
rPois  .         Spirit   .     (helmet restricted)
rElec  .         Dismiss  .     a - +1 cloak
rCorr  .         Reflect  .     (gloves unavailable)
SustAt .         Harm     .     (boots unavailable)
MR     ++...     NoTele   +     (no amulet)
Stlth  ..........               x - +3 ring of strength
                                t - ring of protection from fire

@: berserking, wreathed by umbra, very quick, very resistant to hostile
enchantments, extremely unstealthy
A: unfitting armour, rugged brown scales 1, see invisible, clumsy 1, deformed
body, dopey 1, herbivore 3, speed 3, frail 3, low mp 1, slow metabolism 2,
strong 1, subdued magic 1, MP-powered wands
a: Shadow Step, Shadow Form, Renounce Religion


You were in the Dungeon.
You worshipped Dithmenos.
Dithmenos was exalted by your worship.
You were full.

You visited 1 branch You collected 3365 gold pieces.
You spent 845 gold pieces at shops.

Inventory:

Hand Weapons
 k - a +0 dagger of venom (weapon)
 p - a +1 dagger
Armour
 a - a +1 cloak (worn)
 b - a +2 robe (worn)
Jewellery
 t - a ring of protection from fire (left hand)
 x - a +3 ring of strength (right hand)
Wands
 j - a wand of paralysis (14/24)
Scrolls
 n - 2 scrolls of blinking
 o - a scroll of amnesia
 w - 2 scrolls of recharging
Potions
 g - a potion of haste
 h - 3 potions of magic
 i - a potion of berserk rage
 l - 3 potions of flight
 m - a potion of lignification {unknown}
 r - 3 potions of might
 s - 26 potions of mutation
 u - a potion of cure mutation
 v - 3 potions of resistance
Books
 c - a book of Maledictions

   Spells                             Type                      Level
   a - Corona                         Hexes                        1
   b - Ensorcelled Hibernation        Hexes/Ice                    2
   c - Confuse                        Hexes                        3
   d - Tukima's Dance                 Hexes                        3
   e - Dazzling Spray                 Conjuration/Hexes            3
 f - a book of the Sky

   Spells                             Type                      Level
   a - Summon Lightning Spire         Summoning/Air                4
   b - Airstrike                      Air                          4
   c - Silence                        Hexes/Air                    5
   d - Deflect Missiles               Charms/Air                   6
   e - Conjure Ball Lightning         Conjuration/Air              6
   f - Tornado                        Air                          9
 q - a book of Necromancy

   Spells                             Type                      Level
   a - Pain                           Necromancy                   1
   b - Animate Skeleton               Necromancy                   1
   c - Vampiric Draining              Necromancy                   3
   d - Regeneration                   Charms/Necromancy            3
   e - Animate Dead                   Necromancy                   4
   f - Control Undead                 Necromancy                   4


   Skills:
 * Level 15.4 Short Blades
 * Level 19.3 Dodging
 * Level 20.8 Stealth
 * Level 16.8 Spellcasting
 + Level 7.7 Conjurations
 + Level 12.9 Hexes
 + Level 12.3 Charms
 + Level 8.7 Ice Magic
 * Level 11.0 Air Magic
 - Level 2.0 Invocations


You had 14 spell levels left.
You knew the following spells:

 Your Spells              Type           Power        Failure   Level  Hunger
a - Corona                Hex            #####..      0%          1    None
b - Ensorcelled Hibernat  Hex/Ice        #####.       1%          2    None
c - Confuse               Hex            #####...     1%          3    None
d - Tukima's Dance        Hex            #####...     1%          3    None
e - Dazzling Spray        Conj/Hex       #####...     1%          3    None
f - Airstrike             Air            #####.....   1%          4    None
g - Deflect Missiles      Chrm/Air       #####.....   6%          6    #####..
h - Tornado               Air            #####.....   100%        9    #######


Dungeon Overview and Level Annotations

Branches:
Dungeon (1/1)

Altars:
Cheibriados
Dithmenos
Elyvilon
Fedhas
Gozag
Kikubaaqudgha
Makhleb
Nemelex Xobeh
Okawaru
Pakellas
Qazlal
Ru
Sif Muna
Trog
Vehumet
Xom
Yredelemnul
Zin
The Shining One
Beogh
Jiyva
Lugonu

Shops:
D !=:=::[![(*%}?[=

Annotations:
D exclusions: ice statue and oklob plant, Murray, Roxanne


Innate Abilities, Weirdness & Mutations

You are tiny and cannot use many weapons and most armour.
You have supernaturally acute eyesight.
You are a herbivore.
You cover ground extremely quickly.
You need consume almost no food.
You are partially covered in rugged brown scales (AC +1, +3% HP).
You are clumsy. (Dex -2)
Armour fits poorly on your strangely shaped body.
You are dopey. (Int -2)
You are extremely frail (-30% HP).
Your magical capacity is low (-10% MP).
Your muscles are strong. (Str +2)
Your spells are a little easier to cast, but a little less powerful.
You expend magic power (3 MP) to strengthen your wands.


Message History

The hungry ghost completely misses you.
You puncture the hungry ghost!
The hungry ghost is heavily damaged.
You puncture the hungry ghost!
The hungry ghost is almost destroyed.
Your shadow hits the hungry ghost but does no damage.
You puncture the hungry ghost!
You destroy the hungry ghost!
Murray calls on the powers of darkness!
Your body is wracked with pain!
You emit a cloud of dark smoke.
You barely miss Murray.
Murray is moderately damaged.
Your shadow barely misses Murray.
You hit Murray.
Murray is moderately damaged.
Murray rattles his jaw.
The freezing wraith hits you.
* * * LOW HITPOINT WARNING * * *
The freezing wraith freezes you!!
You die...

▓▓▓▓▓▓▓▓▓▓▓▓▓▓▓▓▓▓▓
+...'[^♣♣.....♣♣...
▓...▓.♣♣..♣...♣♣...
▓W▓▓▓.♣♣..♣♣..♣♣..♣ #
▓.§W▓.♣♣..♣♣..♣^..♣ ##
▓▓+▓▓▓▓W▓^♣...♣♣....%.♣ ≈##++##
+.§.▓V@z▓...^.▓▓▓▓▓▓▓▓▓ ##§...###
#§§§▓▓▓▓▓▓▓▓▓▓▓▓▓▓▓▓▓.. #§§.....#
#.§§▓§≈§≈≈≈§≈▓▓▓....▓.+ ####§...#
##))▓▓▓▓▓▓▓▓▓▓▓▓+▓▓.▓.+ #[.+....#
.#))▓.(...)(.▓▓.).▓.▓.§ #†.####.#
k#§:▓.[(.))(.▓▓.⌠.▓.▓.§
####..†.##k#§[▓%.)([...▓▓...▓.▓.§
...#.†#...####▓%(...[..▓▓...▓.▓.+
#..#####.^##)#▓..).(([.▓▓...▓.▓.+


You could see Murray, a freezing wraith, a vampire and a wraith.

Vanquished Creatures
  A hellephant (D)
  3 quicksilver dragons (D)
  A deep elf blademaster (D)
  A deep elf master archer (D)
  A kraken (D)
  2 sphinxes (D)
  A draconian shifter (D)
  3 lorocyprocas (D)
  A death yak (D)
  Sonja (D)
  2 deep trolls (D)
  A giant orange brain (D)
  A harpy (D)
  12 shining eyes (D)
  An eye of devastation (D)
  A yaktaur (D)
  3 polar bears (D)
  2 boulder beetles (D)
  18 flying skulls (D)
  2 wyverns (D)
  4 neqoxecs (D)
  5 hippogriffs (D)
  10 giant eyeballs (D)
  A wasp (D)
  4 crocodiles (D)
  4 worker ants (D)
  A hell rat (D)
  3 ballistomycetes (D)
  A giant spore (D)
91 creatures vanquished.

Vanquished Creatures (others)
  Menkaure (D)
  A crocodile (D)
  A giant spore (D)
  8 tentacles (D)
11 creatures vanquished.

Grand Total: 102 creatures vanquished

Notes
Turn   | Place    | Note
--------------------------------------------------------------
     0 | D        | Kidiri the Spriggan Enchanter began the quest for the Orb.
     0 | D        | Reached XP level 1. HP: 9/9 MP: 5/5
     1 | D        | Noticed a neqoxec
     1 | D        | Noticed a neqoxec
     1 | D        | Noticed a neqoxec
     1 | D        | Noticed a neqoxec
     4 | D        | Noticed a boulder beetle
     4 | D        | Noticed a boulder beetle
     7 | D        | Noticed a worker ant
     7 | D        | Noticed a worker ant
    10 | D        | Noticed a hippogriff
    10 | D        | Noticed a hippogriff
    15 | D        | Noticed a worker ant
    15 | D        | Noticed a worker ant
    16 | D        | Killed a worker ant
    16 | D        | Reached skill level 6 in Stealth
    16 | D        | Reached XP level 2. HP: 13/13 MP: 6/8
    23 | D        | Learned a level 2 spell: Ensorcelled Hibernation
    39 | D        | Reached skill level 5 in Dodging
    39 | D        | Reached XP level 3. HP: 16/16 MP: 7/10
    47 | D        | Killed Menkaure
    48 | D        | Learned a level 3 spell: Confuse
    52 | D        | Learned a level 3 spell: Tukima's Dance
    58 | D        | Reached skill level 7 in Stealth
    58 | D        | Reached skill level 5 in Spellcasting
    58 | D        | Reached skill level 1 in Ice Magic
    58 | D        | Reached XP level 4. HP: 21/21 MP: 6/12
    65 | D        | Learned a level 3 spell: Dazzling Spray
    65 | D        | Killed a crocodile
   119 | D        | Killed a hippogriff
   119 | D        | Reached skill level 5 in Short Blades
   119 | D        | Reached skill level 9 in Stealth
   119 | D        | Reached skill level 1 in Conjurations
   119 | D        | Reached skill level 5 in Hexes
   119 | D        | Reached XP level 5. HP: 24/24 MP: 9/15
   133 | D        | Killed a hippogriff
   133 | D        | Reached skill level 10 in Stealth
   133 | D        | Reached XP level 6. HP: 23/28 MP: 4/17
   247 | D        | Killed a boulder beetle
   247 | D        | Reached skill level 11 in Stealth
   247 | D        | Reached XP level 7. HP: 32/32 MP: 6/19
   345 | D        | Killed a boulder beetle
   345 | D        | Reached skill level 10 in Dodging
   390 | D        | Killed a neqoxec
   390 | D        | Reached skill level 12 in Stealth
   391 | D        | Gained mutation: Your magical capacity is low (-10% MP). [a neqoxec]
   393 | D        | Gained mutation: You expend magic power (3 MP) to strengthen your wands. [a neqoxec]
   395 | D        | Killed a neqoxec
   397 | D        | Killed a neqoxec
   397 | D        | Reached XP level 8. HP: 36/36 MP: 13/20
   440 | D        | Noticed an ice statue
   443 | D        | Found Eraoseno's Antique Armour Shoppe.
   443 | D        | Found Ofral's Jewellery Emporium.
   444 | D        | Reached skill level 10 in Spellcasting
   459 | D        | Noticed Roxanne
   464 | D        | Found Icwilaq's Food Emporium.
   465 | D        | Found Iwewkiul's Antique Weapon Emporium.
   465 | D        | Found Fytics's Armour Shoppe.
   472 | D        | Found Qorrah's Distillery.
   472 | D        | Found Pitawae's Magic Scroll Emporium.
   474 | D        | Found Zivabrut's Antique Armour Shoppe.
   474 | D        | Found Laryt's Book Emporium.
   474 | D        | Found Kimoklio's General Store.
   475 | D        | Found Toruzopp's Gadget Shoppe.
   478 | D        | Found Wudera's Book Emporium.
   478 | D        | Found Estibbom's Jewellery Shoppe.
   478 | D        | Noticed a polar bear
   478 | D        | Noticed a polar bear
   478 | D        | Noticed an oklob plant
   479 | D        | Found Perehiak's Jewellery Shoppe.
   479 | D        | Found Moloar's Distillery.
   479 | D        | Found Fuon's Book Shoppe.
   479 | D        | Noticed a fire dragon
   492 | D        | Noticed a griffon
   492 | D        | Noticed a griffon
   502 | D        | Bought a book of the Sky for 845 gold pieces
   507 | D        | Learned a level 4 spell: Airstrike
   514 | D        | Learned a level 6 spell: Deflect Missiles
   542 | D        | Found a white marble altar of Elyvilon.
   542 | D        | Found a stormy altar of Qazlal.
   545 | D        | Found a deep blue altar of Sif Muna.
   545 | D        | Found an oddly glowing altar of Pakellas.
   545 | D        | Found a bloodstained altar of Trog.
   546 | D        | Found an ancient bone altar of Kikubaaqudgha.
   546 | D        | Found a shadowy altar of Dithmenos.
   546 | D        | Found a shimmering altar of Xom.
   547 | D        | Found a sparkling altar of Nemelex Xobeh.
   547 | D        | Found a radiant altar of Vehumet.
   547 | D        | Found a glowing golden altar of the Shining One.
   547 | D        | Found a blossoming altar of Fedhas.
   548 | D        | Found a basalt altar of Yredelemnul.
   548 | D        | Found a roughly hewn altar of Beogh.
   549 | D        | Found a glowing silver altar of Zin.
   549 | D        | Found an opulent altar of Gozag.
   550 | D        | Found a sacrificial altar of Ru.
   552 | D        | Noticed a yaktaur
   552 | D        | Noticed a polar bear
   553 | D        | Noticed a polar bear
   553 | D        | Noticed a polar bear
   554 | D        | Killed a polar bear
   554 | D        | Reached skill level 13 in Stealth
   554 | D        | Reached skill level 1 in Charms
   556 | D        | Reached skill level 1 in Air Magic
   557 | D        | Killed a polar bear
   558 | D        | Killed a polar bear
   558 | D        | Reached XP level 9. HP: 39/39 MP: 20/22
   560 | D        | Killed a yaktaur
   636 | D        | Found a burning altar of Makhleb.
   636 | D        | Found a snail-covered altar of Cheibriados.
   636 | D        | Found a viscous altar of Jiyva.
   637 | D        | Found an iron altar of Okawaru.
   637 | D        | Found a corrupted altar of Lugonu.
   641 | D        | Became a worshipper of Dithmenos the Shadowed
   660 | D        | Noticed a death yak
   661 | D        | Killed a death yak
   661 | D        | Reached skill level 10 in Short Blades
   661 | D        | Reached skill level 14 in Stealth
   661 | D        | Reached skill level 5 in Ice Magic
   661 | D        | Reached skill level 1 in Invocations
   676 | D        | Reached * piety under Dithmenos
   686 | D        | Noticed a deep elf master archer
   694 | D        | Reached ** piety under Dithmenos
   694 | D        | Reached skill level 5 in Charms
   746 | D        | Learned a level 9 spell: Tornado
   772 | D        | Killed a deep elf master archer
   772 | D        | Reached skill level 15 in Stealth
   772 | D        | Reached skill level 5 in Conjurations
   772 | D        | Reached XP level 10. HP: 44/44 MP: 20/24
   803 | D        | Noticed a death drake
   805 | D        | Noticed a crystal guardian
   807 | D        | Noticed a death drake
   833 | D        | Noticed a kraken
   959 | D        | Killed a kraken
   959 | D        | Reached skill level 16 in Stealth
   959 | D        | Reached skill level 5 in Air Magic
  1264 | D        | Reached skill level 10 in Hexes
  1268 | D        | Reached *** piety under Dithmenos
  1289 | D        | Noticed an obsidian statue
  1410 | D        | Noticed a deep troll
  1411 | D        | Noticed a deep troll
  1412 | D        | Killed a deep troll
  1412 | D        | Reached skill level 15 in Dodging
  1415 | D        | Killed a deep troll
  1415 | D        | Reached XP level 11. HP: 47/47 MP: 21/26
  1445 | D        | Noticed a sphinx
  1445 | D        | Noticed a sphinx
  1448 | D        | Killed a sphinx
  1448 | D        | Reached skill level 17 in Stealth
  1449 | D        | Killed a sphinx
  1449 | D        | Reached **** piety under Dithmenos
  1503 | D        | Noticed Sonja
  1504 | D        | Noticed a hellephant
  1504 | D        | Noticed a giant orange brain
  1505 | D        | Killed Sonja
  1506 | D        | Noticed a white draconian shifter
  1507 | D        | Killed a hellephant
  1507 | D        | Reached skill level 18 in Stealth
  1510 | D        | Killed a white draconian shifter
  1515 | D        | Killed a giant orange brain
  1515 | D        | Reached XP level 12. HP: 51/51 MP: 15/28
  1595 | D        | Noticed a deep elf blademaster
  1600 | D        | Killed a deep elf blademaster
  1600 | D        | Reached skill level 10 in Charms
  1604 | D        | Reached skill level 15 in Spellcasting
  1917 | D        | Reached ***** piety under Dithmenos
  2053 | D        | Reached skill level 19 in Stealth
  2291 | D        | Reached ****** piety under Dithmenos
  2501 | D        | Paralysed by a giant eyeball for 2 turns
  2508 | D        | Paralysed by a giant eyeball for 2 turns
  2513 | D        | Gained mutation: Your spells are a little easier to cast, but a little less powerful. [a shining eye]
  2518 | D        | Gained mutation: Your muscles are strong. (Str +2) [potion of mutation]
  2520 | D        | Gained mutation: You are dopey. (Int -2) [a shining eye]
  2522 | D        | Gained mutation: You are frail (-10% HP). [a shining eye]
  2523 | D        | Gained mutation: You are partially covered in rugged brown scales (AC +1, +3% HP). [a shining eye]
  2525 | D        | Gained mutation: Armour fits poorly on your strangely shaped body. [a shining eye]
  2542 | D        | Gained mutation: You are clumsy. (Dex -2) [a shining eye]
  2548 | D        | Gained mutation: You are very frail (-20% HP). [a shining eye]
  2618 | D        | Reached skill level 10 in Air Magic
  2647 | D        | Gained mutation: You are extremely frail (-30% HP). [a shining eye]
  2724 | D        | Noticed a lorocyproca
  2724 | D        | Noticed a quicksilver dragon
  2729 | D        | Killed a lorocyproca
  2729 | D        | Reached skill level 20 in Stealth
  2729 | D        | Reached XP level 13. HP: 17/40 MP: 10/30
  2732 | D        | Killed a quicksilver dragon
  2732 | D        | Reached skill level 15 in Short Blades
  2943 | D        | Noticed a quicksilver dragon
  2945 | D        | Killed a quicksilver dragon
  2990 | D        | Noticed a lorocyproca
  2990 | D        | Noticed a lorocyproca
  2992 | D        | Killed a lorocyproca
  2995 | D        | Killed a lorocyproca
  3015 | D        | Noticed a quicksilver dragon
  3017 | D        | Killed a quicksilver dragon
  3305 | D        | Noticed Murray
  3322 | D        | Slain by a freezing wraith

Vault maps used:
D:        the_violet_keep_of_menkaure

Skill      XL: |  1  2  3  4  5  6  7  8  9 10 11 12 13 |
---------------+----------------------------------------+-----
Short Blades   | 2 3 5 6 7 8 9 11 12 13 14 15 | 15.4
Dodging        | 4 5 6 8 9 11 12 14 15 16 18 19 | 19.3
Stealth        | 6 7 9 10 11 12 13 15 16 18 20 | 20.8
Spellcasting   | 4 5 6 7 8 9 10 12 13 14 16 | 16.8
Hexes          | 4 5 6 7 8 9 10 11 12 | 12.9
Ice Magic      | 1 2 3 4 5 6 7 8 |  8.7
Conjurations   | 1 2 3 4 5 6 7 |  7.7
Charms         | 2 6 7 9 11 12 | 12.3
Air Magic      | 1 4 6 8 10 11 | 11.0
Invocations    | 2 |  2.0

Action                   |  1- 3 |  4- 6 |  7- 9 | 10-12 | 13-15 || total
-------------------------+-------+-------+-------+-------+-------++-------
Melee: Dagger            |     4 |    20 |    26 |   111 |    48 ||   209
 Cast: Ensorcelled Hiber |     3 |     6 |     9 |    11 |       ||    29
       Confuse           |       |     3 |     1 |    20 |       ||    24
       Dazzling Spray    |       |     1 |     2 |    37 |     4 ||    44
       Corona            |       |       |       |     1 |       ||     1
       Airstrike         |       |       |       |       |     1 ||     1
Invok: Shadow Step       |       |       |       |    11 |     2 ||    13
  Use: Scroll            |       |     1 |       |    13 |       ||    14
       Potion            |       |     1 |       |     7 |     2 ||    10
 Stab: Sleeping          |     3 |     2 |    16 |    27 |     4 ||    52
       Confused          |       |     4 |       |    13 |       ||    17
       Invisible         |       |     2 |     2 |     6 |     2 ||    12
  Eat: Bread ration      |       |       |       |       |     1 ||     1
Armor: Robe              |       |     1 |       |       |       ||     1
Dodge: Dodged            |     5 |    19 |     6 |    60 |     8 ||    98
